 Dungeon Crawl Stone Soup version 0.21-a0-260-g9b2435e (webtiles) character file.

170 Spazmo the Magician (level 5, 0/28 HPs)
             Began as a Deep Elf Fire Elementalist on Sept 7, 2017.
             Slain by a starcursed mass (11 damage)
             ... on level 1 of the Abyss.
             The game lasted 00:10:02 (2152 turns).

Spazmo the Magician (Deep Elf Fire Elementalist)    Turns: 2152, Time: 00:10:04

Health: 0/28       AC:  4    Str:  5    XL:     5   Next: 25%
Magic:  14/14      EV: 19    Int: 21    God:
Gold:   158        SH:  0    Dex: 20    Spells: 3/13 levels left

rFire    . . .     SeeInvis .   t - +4 quarterstaff (chaos)
rCold    . . .     Gourm    .   (shield currently unavailable)
rNeg     . . .     Faith    .   a - +0 robe
rPois    .         Spirit   .   (no helmet)
rElec    .         Reflect  .   u - +0 cloak
rCorr    .         Harm     .   o - +0 pair of gloves
MR       .....                  (no boots)
Stlth    ++++......             (no amulet)
HPRegen  0.00/turn              (no ring)
MPRegen  0.14/turn              (no ring)

@: agile, non-regenerating, mildly diseased
A: no striking features
a: no special abilities


You were on level 1 of the Abyss.
You were hungry.

You visited 1 branch of the dungeon, and saw 2 of its levels.
You visited the Abyss 1 time.

You collected 158 gold pieces.

Inventory:

Hand Weapons
 e - a +2 whip of distortion
 t - a +4 quarterstaff of chaos (weapon)
Missiles
 k - 55 stones (quivered)
Armour
 a - a +0 robe (worn)
 o - a +0 pair of gloves (worn)
 u - a +0 cloak (worn)
Scrolls
 d - a scroll of enchant weapon {unknown}
 g - a scroll of identify {unknown}
 h - 3 scrolls of remove curse {unknown}
 j - 2 scrolls of blinking {unknown}
 m - a scroll of magic mapping {unknown}
 s - a scroll of amnesia {unknown}
Potions
 f - a potion of heal wounds
 n - a potion of berserk rage
 r - a potion of lignification {unknown}
 v - a potion of curing {unknown}
Books
 b - a book of Flames

   Spells                             Type                      Level
   a - Flame Tongue                   Conjuration/Fire             1
   b - Throw Flame                    Conjuration/Fire             2
   c - Conjure Flame                  Conjuration/Fire             3
   d - Inner Flame                    Hexes/Fire                   3
   e - Sticky Flame                   Conjuration/Fire             4
   f - Fireball                       Conjuration/Fire             5
Comestibles
 c - 2 bread rations
 l - a meat ration
 p - a chunk of flesh
 q - 2 royal jellies


   Skills:
 + Level 3.4 Dodging
 - Level 3.0 Stealth
 * Level 4.6 Spellcasting
 * Level 2.8 Conjurations
 * Level 4.3 Fire Magic


You had 3 spell levels left.
You knew the following spells:

 Your Spells              Type           Power        Failure   Level  Hunger
a - Flame Tongue          Conj/Fire      ###..        2%          1    None
b - Throw Flame           Conj/Fire      ###...       3%          2    #......
c - Conjure Flame         Conj/Fire      ###.....     8%          3    ##.....
d - Sticky Flame          Conj/Fire      ###.....     26%         4    ####...


Dungeon Overview and Level Annotations

Branches:
Dungeon (2/15)

Altars:


Message History

A starcursed mass comes into view.
A starcursed mass splits.
It was a potion of heal wounds.
You feel much better.
A starcursed mass splits. x2
It was a potion of agility.
You feel agile all of a sudden. The ufetubus barely misses you.
The ufetubus hits you.
A starcursed mass splits. x3
The ufetubus hits you. The ufetubus closely misses you. x2
The ufetubus hits you but does no damage.
The ufetubus barely misses you. x2
The ynoxinul gestures.
A deafening chorus of shrieks assaults your mind!
You miss the ufetubus. The ufetubus closely misses you.
The ufetubus misses you. The ufetubus closely misses you.
The ufetubus barely misses you. The ufetubus hits you. x2
The ufetubus closely misses you. x2; The ufetubus barely misses you.
The ufetubus misses you.
A starcursed mass splits.
The ynoxinul gestures.
The starcursed mass engulfs you!
You die...

#.#...##### . ...
..# ## ... #...##..
#. ..# #
..#.#...###...####.
. . .....##..#.#.##
####. .
#.#......#..# # # .
..#..#.#. ..# .
#.#.##..#...## .##
.
.......#.555##...#
#. .#..3...@X#..##
. #.#5.55#5.XXX# #.
#....# ####XXX#
..#..#.# ..#..#
...# #..##.# # ##
.. ###. #.. 3 .# .
# ..


You could see 7 starcursed masses, a ynoxinul and 7 ufetubi.

Vanquished Creatures
  Crazy Yiuf (D:2)
  Terence (D:1)
  Natasha (D:2)
  3 adders (D:2)
  An ooze (D:1)
  3 worms (D:2)
  A dart slug (D:2)
  2 leopard geckos
  2 giant cockroaches
  7 goblins
  4 hobgoblins
  2 jackals (D:2)
  4 kobolds
  A quokka (D:2)
  2 ball pythons (D:2)
  5 bats
  6 frilled lizards
  7 rats
53 creatures vanquished.

Vanquished Creatures (others)
  A bush (D:2)
1 creature vanquished.

Grand Total: 54 creatures vanquished

Notes
Turn   | Place    | Note
-------+----------+-------------------------------------------
     0 | D:1      | Spazmo the Deep Elf Fire Elementalist began the quest for the Orb.
     0 | D:1      | Reached XP level 1. HP: 10/10 MP: 6/6
   184 | D:1      | Reached XP level 2. HP: 15/15 MP: 5/8
   188 | D:1      | Learned a level 2 spell: Throw Flame
   654 | D:1      | Reached XP level 3. HP: 19/19 MP: 6/10
   659 | D:1      | Learned a level 3 spell: Conjure Flame
   688 | D:2      | Noticed Terence
   701 | D:1      | Killed Terence
  1028 | D:2      | Reached XP level 4. HP: 23/24 MP: 6/11
  1039 | D:2      | Learned a level 4 spell: Sticky Flame
  1283 | D:2      | Noticed Natasha
  1287 | D:2      | Killed Natasha
  1510 | D:2      | Reached XP level 5. HP: 28/28 MP: 8/13
  1887 | D:2      | Found a runed door.
  1891 | D:2      | Noticed Crazy Yiuf
  2014 | D:2      | Killed Crazy Yiuf
  2034 | D:2      | Cast into level 1 of the Abyss (a distortion unwield)
  2046 | Abyss:1  | Found a sacrificial altar of Ru.
  2057 | Abyss:1  | Noticed a spatial vortex
  2058 | Abyss:1  | Noticed a spatial vortex
  2081 | Abyss:1  | Noticed an ancient zyme
  2128 | Abyss:1  | Noticed a small abomination
  2142 | Abyss:1  | Noticed a ynoxinul
  2147 | Abyss:1  | Noticed a starcursed mass
  2152 | Abyss:1  | Slain by a starcursed mass

Vault maps used:
D:1:      lightli_arrival_lavapool
D:2:      uniq_terence, uniq_crazy_yiuf_cottage, uniq_natasha

Skill      XL: |  1  2  3  4 |
---------------+-------------+-----
Dodging        | 3 |  3.4
Conjurations   | 2 |  2.8
Spellcasting   | 4 |  4.6
Fire Magic     | 4 |  4.3
Stealth        | 3 |  3.0

Action                   |  1- 3 |  4- 6 || total
-------------------------+-------+-------++-------
Melee: Whip              |     5 |    19 ||    24
       Quarterstaff      |       |     1 ||     1
Throw: Stone             |       |     3 ||     3
 Cast: Flame Tongue      |    46 |    55 ||   101
       Conjure Flame     |       |     1 ||     1
  Use: Potion            |       |     2 ||     2
  Eat: Chunk             |       |     3 ||     3
Armor: Robe              |     3 |     4 ||     7
Dodge: Dodged            |    10 |    19 ||    29

Table legend:
 A = Spawn XP
 B = Non-spawn XP
 C = Spawn XP percentage of total XP
 D = Spawn monster count
 E = Non-spawn monster count
 F = Spawn count percentage of total count
 G = Total turns spent on level
                    A         B        C        D         E        F      G
               +---------+---------+-------+---------+---------+-------+---------
         Total |       0 |     243 |   0.0 |       0 |      53 |   0.0 |  2152
               +---------+---------+-------+---------+---------+-------+---------
           D:1 |       0 |      77 |   0.0 |       0 |      25 |   0.0 |   925
           D:2 |       0 |     166 |   0.0 |       0 |      28 |   0.0 |  1109
               +---------+---------+-------+---------+---------+-------+---------
